[Event "Czech Open-GM 2022"]
[Site "Pardubice"]
[Date "2022.07.22"]
[Round "1.1"]
[White "Donchenko, Alexander"]
[Black "Prilleltensky, Matan"]
[Result "1-0"]
[ECO "A06"]
[WhiteElo "2640"]
[BlackElo "2191"]
[Annotator "TA"]
[PlyCount "61"]
[EventDate "2022.07.22"]
[EventType "swiss"]
[EventCountry "CZE"]
[SourceTitle "playchess.com"]
[Source "ChessBase"]
[SourceQuality "1"]
[TimeControl "40/5400+30:1800+30"]

1. Nf3 d5 2. g3 c6 3. Bg2 Bg4 4. h3 Bh5 5. O-O e6 6. c4 {[%emt 0:01:00] A07: Réti Opening: New York and Capablanca Systems.} Nf6 7. d4 Nbd7 8. cxd5 {[%emt 0:02:39] The position is equal.} exd5 9. Ne5 $1 {[%emt 0:01:00][%mdl 4] is currently scoring better than 9.Qb3.} Ne4 10. Bxe4 dxe4 11. Nc3 Nxe5 12. dxe5 Bg6 {[%emt 0:08:24] [#]} 13. Be3 $146 {[%emt 0:12:57] Inhibits Bc5.} ({Predecessor:} 13. Qb3 Qd7 14. Be3 Be7 15. Rad1 Qc7 16. Qc4 Qxe5 17. Bd4 Qf5 18. Qb3 b6 19. Qc4 {0-1 (43) Svane,R (2637)-Daggupati,B (2443) Chess.com INT 2022}) 13... Qc8 14. Kh2 Be7 15. Qd4 O-O (15... Qd7 $11) 16. Nxe4 $14 Rd8 17. Nd6 Qe6 18. Rfd1 f6 19. Qc3 Bxd6 (19... Rd7 $11) 20. exd6 Be4 ({Weaker is} 20... Rxd6 21. Rxd6 Qxd6 22. Qb3+ Bf7 23. Qxb7 $16) 21. Bc5 (21. Qb3 $14 Bd5 22. Qxb7) 21... b6 $11 22. Ba3 c5 23. b4 cxb4 24. Qxb4 Bf5 25. Qd2 {[%emt 0:08:16] White is more active.} Bxh3 {[%emt 0:01:31] [#]} 26. f3 $1 {[%emt 0:00:19] And now g4 would win.} Bf5 27. e4 Bg6 28. d7 {[%emt 0:08:03] Against Rac8} Rab8 $2 {[%emt 0:03:30] [#]} (28... Bf7 $16) 29. Rac1 $1 $18 h5 (29... Rb7 $2 30. Rc8 Rxc8 31. dxc8=N Qxc8 32. Qd5+ Bf7 33. Qd8+ Qxd8 34. Rxd8+ Be8 35. Rxe8+) 30. Rc7 {[%emt 0:03:46] Inhibits Rb7.} a5 31. Ra7 {[%emt 0:01:30] Weighted Error Value: White=0.06 (flawless) /Black=0.28 (precise)} 1-0

[Event "Czech Open-GM 2022"]
[Site "Pardubice"]
[Date "2022.07.22"]
[Round "1.2"]
[White "Brozka, Karel"]
[Black "Livaic, Leon"]
[Result "1/2-1/2"]
[ECO "A61"]
[WhiteElo "2188"]
[BlackElo "2576"]
[Annotator "TA"]
[PlyCount "115"]
[EventDate "2022.07.22"]
[EventType "swiss"]
[EventCountry "CZE"]
[SourceTitle "playchess.com"]
[Source "ChessBase"]
[SourceQuality "1"]
[TimeControl "40/5400+30:1800+30"]

1. d4 Nf6 2. c4 e6 3. Nf3 c5 4. d5 d6 5. Nc3 exd5 6. cxd5 g6 7. e4 a6 8. a4 Bg4 9. Be2 Bxf3 10. Bxf3 Nbd7 11. O-O Bg7 12. Bg5 O-O 13. Qc2 Rb8 {[%emt 0:09:51] A75: Modern Benoni: Classical: 9...a6 10 a4 Bg4.} 14. Be2 Re8 15. Rfe1 Qc7 {[%emt 0:04:48] [#]} 16. a5 $146 ({Predecessor:} 16. Bh4 c4 17. a5 b5 18. axb6 Rxb6 19. Ra2 Reb8 20. h3 Rb4 21. Bg3 Nc5 22. e5 dxe5 23. Bxc4 Rxc4 24. Bxe5 {0-1 (32) Liew,C (2297)-Klasan,V (2342) Istanbul 2012}) 16... Qc8 (16... c4 $11) 17. Bf4 {[%emt 0:06:36] White is more active. A strong pair of Bishops.} Ne5 18. Bg3 b5 19. axb6 $1 Rxb6 20. f4 Neg4 {[%emt 0:01:15] [#]} 21. h3 $1 Ne3 22. Qd3 Rxb2 23. Qxe3 $16 {[%emt 0:02:31] Hoping for e5.} Rb3 {[%emt 0:03:23][%cal Of6e4] Strongly threatening ...Nxe4!} 24. Qd2 ({And not} 24. Rxa6 Nxe4 25. Qxe4 Bxc3 $17) ({Only move:} 24. Bxa6 $16 Qd8 25. Bh4) 24... Nxe4 $2 (24... Nh5 $1 $14 25. Bxh5 (25. Bxa6 Bxc3 26. Qxc3 Rxc3 $17) 25... Bxc3) 25. Nxe4 $18 Rxe4 26. Bxa6 Rxe1+ 27. Qxe1 Qb8 (27... Bd4+ $142 28. Kh2 Qf5) 28. Rc1 Bb2 29. Rd1 Bc3 30. Qe4 Rb4 31. Qe2 Rb2 32. Qc4 Bd4+ 33. Kh2 Qa8 34. f5 Qd8 35. fxg6 hxg6 36. Rf1 Qg5 37. Qd3 (37. Re1 $18) 37... Qxd5 $16 38. Qf3 Qxf3 39. Rxf3 {[%emt 0:00:05] Black must now prevent Bc4.} d5 {[%emt 0:00:04] Against Bc4} 40. Rd3 f5 41. Bc8 Kf7 {[%emt 0:00:04] Against Be6+} 42. Bd7 (42. Rd1 $16) 42... Rb1 $14 43. Bf4 Bg1+ (43... Ke7 $14 44. Bc6 Rf1) 44. Kg3 $18 d4 (44... Kf6 $16 {was necessary.}) 45. Bc6 Kf6 46. Bd5 {[%emt 0:04:25] Threatens to win with Ra3.} g5 {[%emt 0:00:25] [#]} 47. Bc7 Rc1 48. Ra3 c4 $2 (48... Be3 {is a better defense.} 49. Ra6+ Ke7 50. Bd6+ Kd7) 49. Bd8+ Ke5 50. Bxg5 Be3 51. Bxe3 dxe3 52. Bxc4 $2 {[%emt 0:02:49][%mdl 4096] Endgame KRB-KR} f4+ $11 {[%emt 0:01:09] The position is equal.} 53. Kf3 Rxc4 54. g3 fxg3 55. Rxe3+ Kf6 56. Kxg3 Kg7 57. Ra3 Kh7 58. h4 {[%emt 0:00:27] Black escapes into a draw.  Weighted Error Value: White=0.29 (precise) /Black=0.29 (precise)} 1/2-1/2

[Event "Czech Open-GM 2022"]
[Site "Pardubice"]
[Date "2022.07.22"]
[Round "1.3"]
[White "Plat, Vojtech"]
[Black "Johnson, Donald"]
[Result "1-0"]
[ECO "C45"]
[WhiteElo "2554"]
[BlackElo "2186"]
[Annotator "TA"]
[PlyCount "261"]
[EventDate "2022.07.22"]
[EventType "swiss"]
[EventCountry "CZE"]
[SourceTitle "playchess.com"]
[Source "ChessBase"]
[SourceQuality "1"]
[TimeControl "40/5400+30:1800+30"]

1. e4 e5 2. Nf3 Nc6 3. d4 exd4 4. Nxd4 Nf6 5. Nxc6 bxc6 6. e5 Qe7 7. Qe2 Nd5 8. c4 Ba6 9. b3 g6 10. g3 Bg7 11. Bb2 O-O 12. Bg2 Rae8 13. O-O $1 Bxe5 14. Qxe5 Qxe5 15. Bxe5 Rxe5 16. cxd5 Bxf1 17. Kxf1 cxd5 18. Nc3 (18. f4 $5 Re3 19. Bxd5 $11) 18... c6 19. Rc1 Rfe8 20. Bf3 Kf8 21. Na4 Ke7 22. Nc5 Kd6 23. Nd3 R5e7 24. b4 $1 Ra8 25. Rc5 (25. Rc3 $11 {keeps the balance.}) 25... a5 $1 $17 26. Rxa5 Rxa5 27. bxa5 Re8 28. a6 Ra8 {[%emt 0:03:06][%mdl 1024] Black has strong compensation.} 29. Nb4 Kc5 (29... Rb8 $1 $17 30. Bd1 Rb5) 30. a3 $1 $15 Kc4 31. Be2+ Kb3 32. Nd3 (32. Ke1 $1 $15) 32... Kxa3 $17 33. Ne5 Ra7 $1 34. Nxf7 Kb4 35. Ne5 c5 $1 {[%emt 0:09:11] Threatens to win with ...c4.} 36. Nd3+ Kb5 {[%emt 0:02:34] Hoping for ...c4.} 37. Nf4+ Kc6 (37... c4 $1 $17 {aiming for ...d4.} 38. Bf3 (38. Nxd5 Kc5 $17) 38... Kc5) 38. Bf3 $11 Rxa6 39. Bxd5+ Kd6 40. Bg8 g5 41. Ng2 Ke5 42. Ne3 h6 43. Ke2 Kd4 44. Kd2 Rf6 45. Ke2 Rf8 46. Bc4 Re8 47. Bb5 Re7 48. Kf1 {[%emt 0:00:00] Black must now prevent Nf5+.} Rh7 49. Bc4 Rh8 50. h3 Re8 {[%emt 0:00:00] Strongly threatening ...Rxe3.} 51. Bb5 Rd8 52. Nf5+ Kc3 53. Nd6 $1 Kb4 54. Ke2 Rb8 55. Bd3 (55. Bxd7 Rd8 56. Nf7 Rxd7 $19) 55... Rb6 56. Nc4 Re6+ 57. Ne3 $1 d5 {[%emt 0:00:48] ...d4 is the strong threat.} 58. Kd2 Rd6 {[%emt 0:01:03] Black wants to play ...c4.} 59. Nc2+ Kb3 {[%emt 0:00:38] And now ...Rf6 would win.} 60. f4 $1 c4 61. Bh7 gxf4 62. gxf4 Rf6 63. f5 Ra6 64. Bg6 Kb2 65. Bf7 Rb6 66. Ne3 (66. Bxd5 $2 c3+ 67. Kd3 Rd6 $19) 66... c3+ $1 67. Kd3 Rf6 $2 ({Black should play} 67... Rb3 $1 $14 68. Nc2 (68. Nd1+ Kb1 $11) 68... Rb6) 68. Be6 $18 (68. Bxd5 Rxf5 69. Nd1+ (69. Nxf5 $2 {perishes.} c2 $19) 69... Ka3 70. Nxc3 Kb4 $16) 68... d4 69. Kxd4 {[%emt 0:04:04] Threatening mate with Nd1+.} ({Less strong is} 69. Nc2 Rf8 $14) 69... c2 {[%emt 0:00:08] [#] Inhibits Nd1+.} 70. Nxc2 $1 Kxc2 {[%emt 0:00:01][%mdl 4096] Endgame KR-KB} 71. Ke5 Rf8 72. f6 Kd3 $2 (72... h5 73. f7 Kd3) 73. f7 $2 (73. Bg4 Rh8 74. f7) 73... h5 74. Kf6 Ke4 75. Kg7 Rd8 76. f8=Q Rxf8 77. Kxf8 {[%emt 0:00:11] KB-KP} h4 78. Kf7 Kd4 79. Kf6 {[%emt 0:00:16] White threatens Kg5 and mate.} Kc5 80. Bg4 Kd6 81. Be6 $2 (81. Kf5 $18) 81... Kc7 $2 (81... Kc5 $11 {and Black stays safe.} 82. Ke5 Kb4) 82. Ke7 Kc6 83. Bb3 Kc7 84. Bd5 Kc8 85. Kd6 Kd8 86. Bc6 Kc8 87. Ke7 Kc7 88. Bd7 Kb8 89. Kd6 Kb7 90. Bg4 Kb8 91. Kc6 Ka7 92. Bc8 Kb8 93. Kd7 Ka7 94. Kc7 Ka8 95. Bg4 Ka7 96. Bf3 Ka6 97. Kb8 Kb5 98. Kb7 Kc5 99. Kc7 Kb5 100. Bb7 Kc4 101. Kc6 Kb4 102. Ba6 $1 Ka5 103. Be2 Kb4 104. Kd5 Ka5 105. Kc5 Ka4 106. Kb6 Kb3 107. Kb5 Kc3 108. Kc5 $1 Kd2 109. Ba6 {[%emt 0:02:18] White wants to mate with Kd4.} Ke3 110. Kd5 {[%emt 0:00:03] Intending Ke5 and mate.} Kf4 111. Bd3 Kg3 $2 (111... Kf3 $18 112. Ke5 Kg2 113. Bf5 Kf3 114. Be6 Ke3 115. Kf5 Kd3 116. Bg8 Kd4) 112. Bf5 Kf4 113. Ke6 $1 Kg5 114. Ke5 Kh6 115. Kf6 Kh5 116. Kg7 Kg5 117. Bg6 Kf4 118. Kf6 Kg3 119. Bf5 Kf4 120. Bd3 Kg3 {[%emt 0:00:37] [#]} 121. Bf1 $1 Kf3 122. Kg5 Ke4 123. Kxh4 Kf5 {[%emt 0:00:38] [#]} 124. Kh5 $1 Kf6 125. Kh6 Kf7 126. Bc4+ Kf6 127. h4 Kf5 128. h5 Kf6 129. Ba2 Kf5 130. Kg7 Kg5 131. h6 1-0

[Event "Czech Open-GM 2022"]
[Site "Pardubice"]
[Date "2022.07.22"]
[Round "1.4"]
[White "Rakshitta Ravi"]
[Black "Stocek, Jiri"]
[Result "1/2-1/2"]
[ECO "A05"]
[WhiteElo "2185"]
[BlackElo "2548"]
[Annotator "TA"]
[PlyCount "120"]
[EventDate "2022.07.22"]
[EventType "swiss"]
[EventCountry "CZE"]
[SourceTitle "playchess.com"]
[Source "ChessBase"]
[SourceQuality "1"]
[TimeControl "40/5400+30:1800+30"]

1. Nf3 Nf6 2. g3 d5 3. d4 Bf5 4. Bg2 e6 5. c4 c6 6. Nc3 Nbd7 7. Qb3 {[%emt 0:04:07] D11: Slav Defence: 3 Nf3 sidelines and 3...Nf6 4 e3 Bg4.} Qb6 8. c5 Qa6 {[%emt 0:03:49] Recently 8...Qc7 got a lot of attention.} 9. Nh4 {[%emt 0:04:02] White has an edge.} b6 10. Nxf5 exf5 11. cxb6 axb6 {[%emt 0:03:10] [#]} 12. Qc2 $146 ({Predecessor:} 12. O-O Be7 13. Qc2 g6 14. Bh6 Ng4 15. Qd2 Nxh6 16. Qxh6 Nf6 17. Qg7 Rg8 18. Qh6 {0-1 (54) Khmelniker,I (2493)-Balint,V (2334) Douglas 2016}) 12... g6 13. O-O h5 14. f3 c5 15. e4 cxd4 16. Nxd5 Nxd5 17. exd5 {[%emt 0:00:06] [#] Strongly threatening Re1+.} Bc5 {[%emt 0:02:14] Hoping for ...d3+.} 18. Re1+ Kf8 19. Kh1 h4 {[%emt 0:01:21] ...hxg3 is the strong threat.} 20. Bf4 (20. g4 $11) 20... Qb7 21. Qb3 hxg3 22. Bxg3 Kg7 23. Rad1 b5 (23... Nf6 $15) 24. a3 (24. d6 $14 Rae8 25. Bf1) 24... Ra6 25. Bf1 Rb6 26. Rc1 Bd6 {[%emt 0:09:06] Threatens to win with ...Bxg3.} 27. Bxd6 Rxd6 28. Qxb5 Rb6 29. Qc4 Rxb2 (29... Rh4 $1 $15 30. b4 Nf6) 30. Qxd4+ $11 Nf6 31. Bg2 {[%emt 0:02:27] aiming for Rc6.} ({But not} 31. Rc6 Rbxh2+ 32. Kg1 Qb2 33. Qxb2 Rxb2 $15) 31... Qb6 32. Red1 {[%emt 0:05:26] [#]} Qd6 $1 33. f4 Qb6 34. Qxb6 Rxb6 35. d6 Rd8 (35... Ne4 $11 {is more appropriate.} 36. Bxe4 fxe4) 36. Rc6 (36. a4 $1 $14 {feels stronger.}) 36... Rb2 {[%emt 0:00:04] The position is equal.} 37. Kg1 Ra2 38. Rc3 Ne4 39. Bxe4 fxe4 {[%emt 0:00:05][%mdl 4096] Endgame KRR-KRR} 40. d7 Kf8 41. Rd4 f5 42. a4 Ke7 43. Rc7 Ra1+ 44. Kf2 Ra2+ 45. Kg3 Ra3+ 46. Kh4 Rd3 47. Rxd3 exd3 {[%emt 0:00:42][%cal Be4d3,Bd3d2][%mdl 32] KR-KR} 48. Rc1 Rxd7 49. Kg5 Kf7 (49... d2 $5 50. Rd1 Kf7 $11) 50. a5 d2 51. Rd1 Rd3 {[%emt 0:00:25] ( -> ...Rh3)} (51... Rd8 $5 52. Kh4 Kf6 $11) 52. Kh4 {[%emt 0:00:02] Prevents Rh3+.} Kg7 53. a6 Kh6 54. a7 Ra3 55. Rxd2 Rxa7 56. Rd3 Ra2 57. h3 Rg2 58. Rd8 Kg7 59. Rd6 Kf7 60. Ra6 Rg1 {[%emt 0:00:16] Weighted Error Value: White=0.09 (flawless) /Black=0.10 (very precise)} 1/2-1/2

[Event "Czech Open-GM 2022"]
[Site "Pardubice"]
[Date "2022.07.22"]
[Round "1.5"]
[White "Harsha Bharathakoti"]
[Black "Shatil, Shir"]
[Result "1-0"]
[ECO "A04"]
[WhiteElo "2547"]
[BlackElo "2185"]
[Annotator "TA"]
[PlyCount "59"]
[EventDate "2022.07.22"]
[EventType "swiss"]
[EventCountry "CZE"]
[SourceTitle "playchess.com"]
[Source "ChessBase"]
[SourceQuality "1"]
[TimeControl "40/5400+30:1800+30"]

1. Nf3 c5 2. c4 Nf6 3. Nc3 e6 4. d4 cxd4 5. Nxd4 a6 6. e4 d6 7. Be2 Be7 {[%emt 0:01:10] B41: Sicilian: Kan Variation: 5 c4.} 8. Be3 b6 9. Bf3 Ra7 $1 {[%emt 0:15:15] White is slightly better.} 10. Qa4+ Nfd7 11. O-O O-O {[%emt 0:01:03] [#]} 12. Be2 $146 ({Predecessor:} 12. Rfd1 Rc7 13. Be2 Bb7 14. Rac1 Qc8 15. Qc2 Nf6 16. f3 Nbd7 17. Bf1 Re8 18. Qd2 {1-0 (42) Tregubov,P (2582)-Anurag,M (2387) Caleta 2016}) 12... Bb7 13. Rfd1 Ra8 14. Rac1 Nf6 15. e5 Ne8 16. Bf3 Qc7 17. exd6 {[%emt 0:04:13] 0x0.0013b8d94379dp-1022s more active pieces.} Bxd6 18. h3 Nd7 19. Bxb7 Qxb7 20. Qc6 Ra7 21. Ne4 Bb8 ({Black should play} 21... Bc7) 22. b4 Nef6 23. Nd6 Bxd6 24. Qxd6 Rc8 25. c5 Ne4 {[%emt 0:01:47] [#]} (25... bxc5 $142 26. bxc5 Ne8) 26. Qe7 (26. Qh2 $142 $1) 26... bxc5 $16 27. bxc5 {[%emt 0:00:36] aiming for c6.} Nexc5 (27... Ndxc5 $2 28. Qxb7 Rxb7 29. Nb3 $18) (27... Qa8 $16 {is more resistant.}) 28. Nb3 Raa8 29. Nxc5 Nxc5 30. Bxc5 {[%emt 0:00:03] Weighted Error Value: White=0.16 (very precise) /Black=0.47} 1-0

[Event "Czech Open-GM 2022"]
[Site "Pardubice"]
[Date "2022.07.22"]
[Round "1.6"]
[White "Keetman, Maaike"]
[Black "Noe, Christopher"]
[Result "0-1"]
[ECO "B10"]
[WhiteElo "2181"]
[BlackElo "2505"]
[Annotator "TA"]
[PlyCount "78"]
[EventDate "2022.07.22"]
[EventType "swiss"]
[EventCountry "CZE"]
[SourceTitle "playchess.com"]
[Source "ChessBase"]
[SourceQuality "1"]
[TimeControl "40/5400+30:1800+30"]

1. e4 c6 2. Nc3 d5 3. Nf3 Qa5 {[%emt 0:00:15] [#]} 4. a3 $146 ({Predecessor:} 4. h3 dxe4 5. Nxe4 Bf5 6. Qe2 e6 7. c3 Nd7 8. g4 Bg6 9. d4 Ngf6 10. Nxf6+ Nxf6 11. Ne5 {0-1 (36) Lu,S (2624)-Sunilduth Lyna,N (2603) Xingtai 2019}) 4... dxe4 5. Nxe4 Bf5 6. Ng3 {[%emt 0:03:16] B11: Caro-Kann: Two Knights Variation.} Bg6 7. b4 Qc7 8. Bb2 {[%emt 0:01:12] White has an edge.} Nd7 9. Bc4 Ngf6 10. Qe2 e6 11. O-O Be7 12. Rfe1 O-O 13. Bb3 a5 14. Bc3 (14. Bxe6 $11 {is superior.} fxe6 15. Qxe6+ Rf7 16. Ng5) 14... Nd5 15. Bxd5 cxd5 16. bxa5 Rfc8 ({But not} 16... Bxc2 17. Rec1 Bg6 {[#]} 18. Bxg7 $1 Qxa5 19. Bxf8 Bxf8 20. Qe3 $16) 17. h4 h6 {[%emt 0:08:22][%mdl 1024] Black has compensation.} 18. h5 Bh7 19. Nd4 {[%emt 0:03:46][%cal Od4e6] [#] Threatens to win with Nxe6!} Qc4 (19... Bc5 $15) 20. Ngf5 Bf8 21. Qxc4 Rxc4 22. Ne3 {[%emt 0:00:04] Pair of Knights!} Rcc8 23. Nb3 Nb8 24. Bb4 Nc6 25. Bxf8 Kxf8 26. c4 (26. d3 $11) 26... d4 $17 27. Ng4 Bc2 28. Nc5 Ke7 {[%emt 0:01:34] Prevents Nd7.} ({Much worse is} 28... Nxa5 $6 29. Nd7+ Ke7 30. Nb6 $11) 29. Nxb7 (29. d3) 29... Rc7 30. a6 Rxa6 31. Nc5 Ra5 32. Ne4 (32. Ra2 Bf5 33. Nb3 Bxg4 34. Nxa5 Nxa5 35. f3) 32... f5 $19 {[%emt 0:01:03] Black is clearly winning.} 33. Nef6 (33. f3 $142 fxg4 34. fxg4) 33... gxf6 34. Nxh6 Rc8 35. Ra2 Bd3 {[%emt 0:00:54] aiming for ...Rh8.} 36. Rb2 Ra7 {[%emt 0:00:19] Inhibits Rb7+.} 37. Rb3 Rh8 38. Ng8+ Rxg8 39. Rxd3 Kd6 {[%emt 0:00:24] Weighted Error Value: White=0.31/Black=0.14 (very precise)} ({Not} 39... Ne5 $2 40. Rb3 $19) 0-1

[Event "Czech Open-GM 2022"]
[Site "Pardubice"]
[Date "2022.07.22"]
[Round "1.7"]
[White "Lokander, Martin"]
[Black "Kawulok, Marek"]
[Result "1-0"]
[ECO "E29"]
[WhiteElo "2483"]
[BlackElo "2181"]
[Annotator "TA"]
[PlyCount "97"]
[EventDate "2022.07.22"]
[EventType "swiss"]
[EventCountry "CZE"]
[SourceTitle "playchess.com"]
[Source "ChessBase"]
[SourceQuality "1"]
[TimeControl "40/5400+30:1800+30"]

1. d4 Nf6 2. c4 e6 3. Nc3 Bb4 4. e3 O-O 5. Bd3 c5 6. a3 Bxc3+ 7. bxc3 Nc6 8. Rb1 {[%emt 0:01:35] E29: Nimzo-Indian: Sämisch: 5...0-0 6 e3 c5 7 Bd3 Nc6.} d6 {[%emt 0:12:28] is the legacy move (8...b6).} 9. Nf3 e5 {[%emt 0:09:03] And now ...e4 would win.} 10. d5 {[%emt 0:00:35] Black is slightly better.} Ne7 {[%emt 0:00:43] Threatens to win with ...e4.} (10... e4 $5 11. dxc6 bxc6 $15) 11. e4 Ng6 {[%emt 0:13:02] [#]} 12. g3 $146 ({Predecessor:} 12. O-O b6 13. Be3 Nh5 14. g3 Bg4 15. Re1 h6 16. Rb5 Qc8 17. Rb1 Nf6 18. Bd2 Bh5 {0-1 (57) Wessel,R-Philipps,S freechess.de 2021}) 12... b6 13. Nd2 Bh3 14. Rg1 (14. Qe2 $11) 14... Bd7 (14... Ne8 $1 $15) 15. h4 $11 h5 16. Nf1 Ng4 17. f3 Nh6 18. Bg5 f6 (18... Ne7 $142) 19. Bxh6 $16 gxh6 20. Ne3 Kh7 21. Kd2 Qe8 22. Qf1 Rg8 23. f4 Ne7 24. f5 Qf7 25. Be2 Nc8 26. Qd1 Be8 27. Rg2 {[%emt 0:05:32] White is more active.} (27. Kd3 {is interesting.} a6 28. a4 Kg7 29. Ra1) 27... Rb8 28. Bf3 Ne7 29. Qe2 Rb7 30. a4 a5 31. Rbg1 Rb8 32. Kc1 Rd8 33. Qd1 Rb8 34. Kb2 Rd8 35. Ka3 Rb8 36. g4 hxg4 37. Bxg4 Qf8 $2 {[%emt 0:06:24] A mistake that costs the game.} (37... Kh8 $16) 38. Bh5 $18 Rxg2 39. Rxg2 (39. Nxg2 Bxh5 40. Qxh5 Qg7 $15) 39... Bxh5 40. Qxh5 Qe8 $2 {[%emt 0:00:25] [#]} (40... Rb7 41. Kb3 Ng8) 41. Rg6 $1 Nxg6 (41... Ng8 42. Ng4) 42. Ng4 Qf7 43. Qxh6+ Kg8 44. fxg6 Qg7 45. Qh5 {[%emt 0:00:00] Nh6+ is the strong threat.} Qh8 46. Qf5 {[%emt 0:00:00] White mates.} Qxh4 47. Qe6+ ({And not} 47. Qd7 Rf8 $11) 47... Kh8 {[%emt 0:01:05] [#]} 48. Qf7 $1 Rg8 49. Nxf6 {[%emt 0:00:00] Weighted Error Value: White=0.08 (flawless) /Black=0.39} 1-0

[Event "Czech Open-GM 2022"]
[Site "Pardubice"]
[Date "2022.07.22"]
[Round "1.8"]
[White "Mondrzycki, Bartlomiej"]
[Black "Bronstein, Or"]
[Result "1-0"]
[ECO "A46"]
[WhiteElo "2180"]
[BlackElo "2476"]
[Annotator "TA"]
[PlyCount "105"]
[EventDate "2022.07.22"]
[EventType "swiss"]
[EventCountry "CZE"]
[SourceTitle "playchess.com"]
[Source "ChessBase"]
[SourceQuality "1"]
[TimeControl "40/5400+30:1800+30"]

1. d4 Nf6 2. Nf3 d5 3. c3 e6 4. Bf4 Bd6 5. e3 O-O 6. Nbd2 c5 7. Bg3 b6 8. Bd3 Bb7 9. Ne5 Nc6 10. O-O Qc7 11. f4 Ne7 {[%emt 0:00:20] D02: 1 d4 d5 2 Nf3 sidelines, including 2...Nf6 3 g3 and 2...Nf6 3 Bf4.} 12. Qb1 c4 13. Bc2 {[%emt 0:01:20] [#]} b5 $146 {[%emt 0:03:41] The position is equal.} ({Predecessor:} 13... Nf5 14. Bf2 Be7 15. Bxf5 exf5 16. Qxf5 Ne4 17. Nxe4 Bc8 18. Qh5 dxe4 19. Bh4 g6 {1-0 (50) Veleshnja,Z (2155)-Krstic,M (2171) Porto Carras 2018}) 14. Rf3 Nf5 {[%emt 0:14:28] Inhibits Bh4.} 15. Bf2 Be7 16. Bxf5 exf5 17. Qxf5 Bc8 18. Qc2 Ne4 (18... Ne8 $5 ) 19. Nxe4 dxe4 20. Qxe4 Bb7 {[%emt 0:00:08] Prevents Qc6.} 21. Qf5 {[%emt 0:07:46] next Rh3 is good for White.} Bxf3 22. gxf3 g6 23. Qe4 Bd6 24. Bh4 Rae8 (24... Kg7 $11) 25. Qd5 Kg7 26. Qxb5 (26. a4 $1 $14) 26... Rb8 $15 27. Qd5 Be7 $2 (27... Bxe5 $15 28. Qxe5+ (28. fxe5 Rxb2 29. Qe4 Qd7 $15) 28... Qxe5 29. fxe5 Rxb2) 28. Bxe7 $16 Qxe7 29. Nxc4 {[%emt 0:00:51] aiming for b3.} Rfc8 {[%emt 0:00:51][%cal Oc8c4] [#] Threatens to win with ...Rxc4!} 30. b3 (30. Re1 $18) 30... f6 $2 {[%emt 0:00:41][%mdl 8192] Loses the game.} (30... a5 $1 $14) 31. e4 $18 Rd8 32. Qa5 Qd7 33. Kg2 Rb5 34. Qa4 Qb7 35. d5 Rc5 36. Rd1 a5 37. Rd3 h6 (37... Qc8 $142 38. Qa3 Kg8) 38. Ne3 Rcc8 39. Qd4 a4 40. b4 a3 41. d6 Rb8 42. e5 Qf7 43. Nd5 Qe6 44. c4 fxe5 45. fxe5 Rb7 46. Rxa3 Rf8 47. Ra7 Rxa7 48. Qxa7+ {[%emt 0:00:02] KQR-KQN} Rf7 49. Qd4 {[%emt 0:00:33] [#] Threatening mate with Nc7.} g5 50. Nc7 {[%emt 0:01:17] White mates.} Qg6 51. e6+ Rf6 52. Nd5 Qc2+ 53. Kg3 {[%emt 0:00:03] Weighted Error Value: White=0.11 (very precise) /Black=0.42} 1-0

[Event "Czech Open-GM 2022"]
[Site "Pardubice"]
[Date "2022.07.22"]
[Round "1.9"]
[White "Stachowiak, Kamil"]
[Black "Flajsman, Pavel"]
[Result "1-0"]
[ECO "D57"]
[WhiteElo "2476"]
[BlackElo "2177"]
[Annotator "TA"]
[PlyCount "81"]
[EventDate "2022.07.22"]
[EventType "swiss"]
[EventCountry "CZE"]
[SourceTitle "playchess.com"]
[Source "ChessBase"]
[SourceQuality "1"]
[TimeControl "40/5400+30:1800+30"]

1. d4 d5 2. Nf3 Nf6 3. c4 e6 4. Nc3 Be7 5. Bg5 h6 6. Bh4 O-O 7. e3 Ne4 8. Bxe7 Qxe7 9. cxd5 Nxc3 10. bxc3 exd5 11. Bd3 c5 12. O-O Nd7 13. a4 {[%emt 0:03:41] D53: Queen's Gambit Declined: 4 Bg5 Be7: Early deviations.} Nf6 {[%emt 0:05:19] [#]} 14. Qb1 $146 ({Predecessor:} 14. Ne5 Be6 15. f4 Rac8 16. Qf3 Rc7 17. a5 {1-0 (17) Lipsits,S (1821)-Ma,J ICCF email 2017}) 14... Be6 15. Ne5 {[%emt 0:10:18] The position is equal.} Ng4 16. Nf3 (16. Bh7+ {keeps more tension.} Kh8 17. Nxg4 Bxg4 18. Bf5) 16... Rab8 17. h3 Nf6 18. Ne5 Nd7 19. f4 Nxe5 20. dxe5 f5 21. Kh1 Rbd8 22. Qb2 Rf7 23. Be2 Qc7 24. Rfd1 Rfd7 25. Bf3 g5 26. g3 Kf7 27. Rd2 Rg8 28. Kh2 {[%emt 0:02:01] White is more active.} Qd8 {[%emt 0:00:36] [#]} (28... Rgd8 $16) 29. Rad1 $1 $18 gxf4 30. exf4 b6 $2 {[%emt 0:01:22] [#]} (30... Kf8 31. Qb3 c4) 31. Bxd5 $1 Bxd5 (31... Rxd5 $2 32. Rxd5 Bxd5 33. Qc2 $18) 32. c4 $1 Be6 {[%emt 0:00:38] Strongly threatening ...Rxd2+.} 33. Rxd7+ Bxd7 {[%emt 0:00:02] [#]} 34. Qd2 $1 ({Weaker is} 34. e6+ Kxe6 35. Qe5+ Kf7 $11) 34... Ke8 {[%emt 0:00:28] Threatens to win with ...Rg6.} 35. e6 $1 {[%emt 0:00:33] Intending Qd5 and mate.} Rg7 $2 (35... Qe7) 36. Qd6 (36. exd7+ Rxd7 37. Qxd7+ Qxd7 38. Rxd7 Kxd7 $18) (36. Qd5 $142 h5 37. exd7+ Kf8 38. Qxf5+ Rf7 39. Qxh5 Qxd7 40. Qh8+ Ke7 41. Rxd7+ Kxd7 42. Qb8) 36... Qc8 37. Qe5 Kf8 (37... Bxa4 $142 38. Qxg7 Qxe6) 38. Qf6+ Kg8 39. exd7 Qxd7 40. Rxd7 Rxd7 41. Qg6+ {[%emt 0:30:25] Weighted Error Value: White=0.17 (very precise) /Black=0.46} 1-0